 Dungeon Crawl Stone Soup version 0.20.1-1-g8b1a95d (webtiles) character file.

2636 Echep the Magician (level 9, -10/74 HPs)
             Began as a Pale Draconian Air Elementalist on Nov 23, 2017.
             Was a Believer of Okawaru.
             Mangled by an orc warrior
             ... wielding a +0 morningstar of holy wrath
              (23 damage)
             ... on level 7 of the Dungeon on Nov 24, 2017.
             The game lasted 01:04:21 (7665 turns).

Echep the Magician (DrAE)                           Turns: 7665, Time: 01:04:22

Health: -10/74     AC:  7    Str: 11    XL:     9   Next: 35%
Magic:  0/19       EV: 13    Int: 18    God:    Okawaru [**....]
Gold:   386        SH:  0    Dex: 12    Spells: 9/22 levels left

rFire    . . .     SeeInvis .   w - +0 hunting sling
rCold    . . .     Gourm    .   (no shield)
rNeg     . . .     Faith    .   (armour unavailable)
rPois    .         Spirit   .   (helmet restricted)
rElec    .         Reflect  .   (no cloak)
rCorr    .         Harm     .   (no gloves)
MR       +....                  (no boots)
Stlth    ++........             (no amulet)
Regen    0.3/turn               D - ring of protection from magic
MPRegen  0.2/turn               J - ring of wizardry

@: short of breath
A: breathe steam, unfitting armour, cold-blooded, AC +7
a: Breathe Steam, Heroism, Renounce Religion


You were on level 7 of the Dungeon.
You worshipped Okawaru.
Okawaru was pleased with you.
You were not hungry.

You visited 2 branches of the dungeon, and saw 8 of its levels.
You also visited: Ossuary.

You collected 386 gold pieces.

Inventory:

Hand Weapons
 s - a +0 dire flail
 w - a +0 hunting sling (weapon)
 O - a +0 scimitar
Missiles
 f - 27 sling bullets (quivered)
 j - 2 tomahawks
 l - 240 stones
 t - 32 poisoned needles
Jewellery
 o - an uncursed ring of poison resistance
 q - an uncursed ring of wizardry
 C - a +2 ring of dexterity
 D - a ring of protection from magic (left hand)
 J - a ring of wizardry (right hand)
Wands
 y - a wand of paralysis (4/24)
 N - a wand of digging (11/24)
Scrolls
 d - 2 scrolls of enchant armour {unknown}
 h - 3 scrolls of enchant weapon {unknown}
 i - 3 scrolls of magic mapping {unknown}
 k - a scroll of blinking {unknown}
 p - 2 scrolls of noise {unknown}
 r - 7 scrolls of remove curse
 x - 2 scrolls of identify
 A - a scroll of random uselessness {unknown}
 F - a scroll of recharging {unknown}
 H - a scroll of fear {unknown}
 I - a scroll of teleportation {unknown}
 K - a scroll of fog {unknown}
Potions
 e - 2 potions of resistance {unknown}
 g - 2 potions of lignification {unknown}
 m - 3 potions of curing
 n - a potion of brilliance {unknown}
 v - 3 potions of magic {unknown}
 z - 2 potions of flight {unknown}
 B - 3 potions of mutation {unknown}
 E - a potion of cancellation {unknown}
 G - 2 potions of degeneration {unknown}
 M - a potion of berserk rage {unknown}
Books
 a - a book of Air

   Spells                             Type                      Level
   a - Shock                          Conjuration/Air              1
   b - Swiftness                      Charms/Air                   2
   c - Static Discharge               Conjuration/Air              3
   d - Airstrike                      Air                          4
   e - Lightning Bolt                 Conjuration/Air              5
 L - a book of Maledictions

   Spells                             Type                      Level
   a - Corona                         Hexes                        1
   b - Ensorcelled Hibernation        Hexes/Ice                    2
   c - Confuse                        Hexes                        3
   d - Tukima's Dance                 Hexes                        3
   e - Dazzling Spray                 Conjuration/Hexes            3
Comestibles
 b - 4 bread rations
 c - 4 fruits
 u - 2 meat rations


   Skills:
 * Level 5.1 Fighting
 + Level 1.9 Maces & Flails
 + Level 3.4 Slings
 + Level 2.6 Dodging
 + Level 2.3 Stealth
 * Level 7.0 Spellcasting
 + Level 4.0 Conjurations
 * Level 2.7 Hexes
 + Level 6.5 Air Magic


You had 9 spell levels left.
You knew the following spells:

 Your Spells              Type           Power        Failure   Level  Hunger
a - Shock                 Conj/Air       ####         1%          1    None
b - Airstrike             Air            ####......   2%          4    ####...
c - Lightning Bolt        Conj/Air       ####......   13%         5    #####..
d - Confuse               Hex            ###.....     4%          3    ##.....


Dungeon Overview and Level Annotations

Branches:
Dungeon (7/15)             Temple (1/1) D:5

Altars:
Ashenzari
Cheibriados
Dithmenos
Elyvilon
Fedhas
Gozag
Hepliaklqana
Kikubaaqudgha
Makhleb
Nemelex Xobeh
Okawaru
Qazlal
Ru
Sif Muna
Trog
Uskayaw
Vehumet
Xom
Yredelemnul
Zin
The Shining One

Annotations:
D:3 Natasha


Innate Abilities, Weirdness & Mutations

You can breathe blasts of scalding, opaque steam.
Your pale cyan-grey scales are hard. (AC +7)
You cannot fit into any form of body armour.
You are cold-blooded and may be slowed by cold attacks.


Message History

The orc warrior is severely wounded.
You have got your breath back.
The orc warrior hits you with a morningstar of holy wrath!!
Casting: Shock
Confirm with . or Enter, or press ? or * to list all spells.
Aiming: Shock
Press: ? - help, Shift-Dir - straight line, f/p - orc warrior
Aim: an orc warrior, wielding a morningstar of holy wrath and wearing a chain mail (severely wounded)
The zap hits the orc warrior.
The orc warrior is almost dead.
The orc warrior hits you with a morningstar of holy wrath!!
* * * LOW HITPOINT WARNING * * *
Press: ? - help, Shift-Dir - straight line, f/p - orc warrior
Aim: an orc warrior, wielding a morningstar of holy wrath and wearing a chain mail (almost dead)
You exhale a blast of scalding steam.
The ball of steam hits the orc warrior.
The orc warrior is almost dead.
You feel somewhat more hungry.
The orc warrior is engulfed in a cloud of scalding steam.
The orc warrior hits you with a morningstar of holy wrath!!
You die...

).)###### (>(()§o@#####
...####.....# #.....#
#.....### #.......####
#..........# .......
##.....####.#### ........###
###..............#
.)........###................#


You could see an orc warrior.

Vanquished Creatures
  Pikel (D:7)
  A hungry ghost (D:6)
  An ice beast (D:7)
  A sky beast (D:6)
  4 slaves (D:6)
  An orc warrior (D:6)
  A hornet zombie (D:7)
  3 ogres
  2 bullfrogs
  2 howler monkeys (D:7)
  2 centaur zombies (Ossuary)
  5 crimson imps
  2 bullfrog zombies
  2 centaur skeletons
  2 hounds
  4 orc priests
  A bullfrog skeleton (D:6)
  5 iguanas
  Natasha (D:3)
  Ijyb (D:3)
  2 orc wizards
  4 worker ants
  A hound skeleton (D:4)
  4 mummies
  4 gnolls (D:5)
  9 adders
  A shadow imp (D:5)
  2 oozes
  5 adder zombies
  2 worms
  2 leopard geckos
  12 orcs
  A ball python (D:5)
  6 giant cockroaches
  7 goblins
  5 hobgoblins
  13 jackals
  3 bats
  3 frilled lizards
  3 gnoll zombies (Ossuary)
  3 goblin zombies
  5 hobgoblin zombies
  A jackal zombie (Ossuary)
  3 kobolds
  7 kobold zombies (Ossuary)
  A leopard gecko skeleton (D:7)
  An orc zombie (Ossuary)
  A quokka skeleton (D:4)
  6 quokka zombies (Ossuary)
  8 rats
  4 rat zombies (Ossuary)
  A spectral orc (D:5)
172 creatures vanquished.

Notes
Turn   | Place    | Note
-------+----------+-------------------------------------------
     0 | D:1      | Echep the Draconian Air Elementalist began the quest for the Orb.
     0 | D:1      | Reached XP level 1. HP: 14/14 MP: 3/3
   150 | D:1      | Reached XP level 2. HP: 20/20 MP: 0/5
   550 | D:1      | You fall through a shaft!
   736 | D:2      | Reached XP level 3. HP: 26/26 MP: 3/6
  1784 | D:3      | Found a shattered altar of Ashenzari.
  2164 | D:3      | Noticed Natasha
  2184 | D:3      | Killed Natasha
  2184 | D:3      | Reached XP level 4. HP: 17/34 MP: 0/7
  2190 | D:3      | Learned a level 4 spell: Airstrike
  2452 | D:3      | Found a snail-covered altar of Cheibriados.
  2590 | D:3      | Reached skill level 1 in Fighting
  2615 | D:3      | Noticed Ijyb
  2615 | D:3      | Paralysed by Ijyb for 6 turns
  2624 | D:3      | Noticed Natasha
  2626 | D:3      | Paralysed by Ijyb for 3 turns
  2637 | D:3      | Killed Ijyb
  3122 | D:4      | Reached skill level 1 in Slings
  3122 | D:4      | Reached XP level 5. HP: 25/40 MP: 0/9
  3344 | D:4      | Reached skill level 3 in Spellcasting
  3665 | D:4      | Found a sacrificial altar of Ru.
  3694 | D:4      | Reached XP level 6. HP: 48/48 MP: 3/11
  3929 | D:5      | Entered Level 5 of the Dungeon
  4190 | D:5      | Learned a level 5 spell: Lightning Bolt
  4466 | D:5      | Your scales start taking on a pale cyan-grey colour.
  4466 | D:5      | Reached XP level 7. HP: 57/57 MP: 4/12
  4467 | D:5      | Reached skill level 4 in Spellcasting
  4502 | D:5      | Found a sparkling altar of Nemelex Xobeh.
  4607 | D:5      | Found a staircase to the Ecumenical Temple.
  4613 | Temple   | Entered the Ecumenical Temple
  4667 | Temple   | Became a worshipper of Warmaster Okawaru
  4784 | D:5      | Reached skill level 1 in Maces & Flails
  4905 | D:5      | Reached skill level 5 in Air Magic
  5083 | D:5      | Found a basalt altar of Yredelemnul.
  5213 | D:6      | Found a shadowy altar of Dithmenos.
  5221 | D:6      | Found a stormy altar of Qazlal.
  5226 | D:6      | Found a bloodstained altar of Trog.
  5226 | D:6      | Found a hazy altar of Hepliaklqana.
  5227 | D:6      | Found a glowing golden altar of the Shining One.
  5227 | D:6      | Found a glowing silver altar of Zin.
  5227 | D:6      | Found an ancient bone altar of Kikubaaqudgha.
  5390 | D:6      | Learned a level 3 spell: Confuse
  5437 | D:6      | Found a sand-covered staircase.
  5487 | Ossuary  | Entered an ossuary
  5862 | Ossuary  | Reached XP level 8. HP: 53/66 MP: 11/15
  5984 | D:6      | Reached skill level 5 in Spellcasting
  6179 | D:6      | Reached skill level 1 in Hexes
  6449 | D:6      | Reached * piety under Okawaru
  6832 | D:7      | Noticed Pikel
  6927 | D:6      | Reached skill level 6 in Spellcasting
  7186 | D:7      | Killed Pikel
  7186 | D:7      | Reached skill level 5 in Fighting
  7186 | D:7      | Reached XP level 9. HP: 69/74 MP: 9/18
  7203 | D:7      | Reached ** piety under Okawaru
  7654 | D:7      | Reached skill level 7 in Spellcasting
  7665 | D:7      | Mangled by an orc warrior

Skill      XL: |  1  2  3  4  5  6  7  8  9 |
---------------+----------------------------+-----
Dodging        | 2 |  2.6
Fighting       | 1 2 3 4 5 |  5.1
Stealth        | 2 |  2.3
Slings         | 1 2 3 |  3.4
Air Magic      | 4 5 6 |  6.5
Spellcasting   | 3 4 6 7 |  7.0
Conjurations   | 2 3 4 |  4.0
Maces & Flails | 1 |  1.9
Hexes          | 2 |  2.7

Action                   |  1- 3 |  4- 6 |  7- 9 || total
-------------------------+-------+-------+-------++-------
Melee: Dire flail        |    14 |    27 |    29 ||    70
       Tailslap          |     2 |     1 |     1 ||     4
 Fire: Hunting sling     |    10 |    39 |   113 ||   162
Throw: Stone             |       |     5 |       ||     5
 Cast: Shock             |    56 |   107 |   202 ||   365
       Airstrike         |       |       |     8 ||     8
       Lightning Bolt    |       |       |     3 ||     3
       Confuse           |       |       |    16 ||    16
 Abil: Breathe Steam     |       |       |    23 ||    23
  Use: Scroll            |     3 |       |     1 ||     4
       Potion            |       |     5 |     2 ||     7
  Eat: Chunk             |     2 |     2 |    11 ||    15
       Bread ration      |     1 |       |       ||     1
       Fruit             |       |     3 |     5 ||     8
       Meat ration       |       |       |     1 ||     1
Armor: Skin              |     6 |    28 |    51 ||    85
Dodge: Dodged            |    15 |    62 |    93 ||   170
